 Dungeon Crawl Stone Soup version 0.20.1-1-g8b1a95d (webtiles) character file.

137 polve the Ruffian (level 5, -3/50 HPs)
             Began as a Troll Fighter on July 12, 2017.
             Slain by Quirk's ghost (17 damage)
             ... on level 3 of the Dungeon.
             The game lasted 00:01:52 (1424 turns).

polve the Ruffian (Troll Fighter)                   Turns: 1424, Time: 00:01:52

Health: -3/50      AC:  5    Str: 29    XL:     5   Next: 0%
Magic:  4/4        EV:  8    Int:  4    God:
Gold:   135        SH:  9    Dex: 10    Spells: 4/4 levels left

rFire    . . .     SeeInvis .     - Unarmed
rCold    . . .     Gourm    +   b - +0 shield
rNeg     . . .     Faith    .   j - +0 robe (curse)
rPois    .         Spirit   .   (helmet restricted)
rElec    .         Reflect  .   (no cloak)
rCorr    .         Harm     .   (gloves unavailable)
MR       .....                  (boots unavailable)
Stlth    +.........             (no amulet)
Regen    0.6/turn               (no ring)
MPRegen  0.1/turn               (no ring)

@: mighty
A: unfitting armour, claws 3, fast metabolism 3, gourmand, regeneration 1,
shaggy fur 1, tough skin 2
a: no special abilities


You were on level 3 of the Dungeon.
You were completely stuffed.

You visited 1 branch of the dungeon, and saw 3 of its levels.

You collected 135 gold pieces.

Inventory:

Armour
 b - a +0 shield (worn)
 j - a cursed +0 robe (worn)
Scrolls
 a - 2 scrolls of identify {unknown}
 e - 3 scrolls of remove curse {unknown}
Potions
 f - 2 potions of curing {unknown}
 g - a potion of brilliance {unknown}
Comestibles
 d - 4 bread rations
 h - 5 chunks of flesh
 i - 2 meat rations


   Skills:
 + Level 2.5 Fighting
 + Level 2.7 Dodging
 + Level 2.9 Shields
 + Level 4.4 Unarmed Combat


You had 4 spell levels left.
You didn't know any spells.

Dungeon Overview and Level Annotations

Branches:
Dungeon (3/15)

Altars:
Dithmenos

Annotations:
D:3 Quirk's ghost, amateur TrFi


Innate Abilities, Weirdness & Mutations

You are too large for most types of armour.
You have claws for hands.
Your metabolism is lightning-fast.
You like to eat raw meat.
Your natural rate of healing is unusually fast.
You are covered in fur. (AC +1)
You have very tough skin. (AC +2)


Message History

You mangle Quirk's ghost!!
Quirk's ghost is severely damaged.
Quirk's ghost completely misses you.
Your shield prevents you from hitting Quirk's ghost.
Quirk's ghost is severely damaged.
You block Quirk's ghost's attack.
You closely miss Quirk's ghost.
Quirk's ghost is severely damaged.
Quirk's ghost closely misses you.
You barely miss Quirk's ghost.
Quirk's ghost is severely damaged.
Quirk's ghost hits you!
* * * LOW HITPOINT WARNING * * *
Your shield prevents you from hitting Quirk's ghost.
Quirk's ghost is severely damaged.
You block Quirk's ghost's attack.
You barely miss Quirk's ghost.
Quirk's ghost is severely damaged.
Quirk's ghost hits you!
You die...

.....# .....# ## .....
.....##........... .......
#......... ## ......#
#.#......## .# ......#
#.....#....#.#
......####....##.#s..##
............#.##W##...# #
####...........#@[....###..
#.......................
##..........###..........
#....(......##...........
#...........##.#.<.......
#.>.........#..#.....<...
#.............##........?
#.............##.........
##............##.........


You could see Quirk's ghost.

Vanquished Creatures
  Ijyb (D:3)
  A gnoll (D:1)
  3 adders
  An ooze (D:1)
  2 worms (D:2)
  2 dart slugs (D:1)
  4 leopard geckos
  A ball python (D:2)
  2 bats
  6 giant cockroaches
  9 goblins
  A hobgoblin (D:1)
  4 jackals (D:1)
  3 quokkas
  A frilled lizard (D:1)
  7 kobolds
  9 rats
57 creatures vanquished.

Notes
Turn   | Place    | Note
-------+----------+-------------------------------------------
     0 | D:1      | polve the Troll Fighter began the quest for the Orb.
     0 | D:1      | Reached XP level 1. HP: 22/22 MP: 0/0
   167 | D:1      | Reached XP level 2. HP: 29/29 MP: 1/1
   178 | D:1      | Reached skill level 3 in Unarmed Combat
   361 | D:1      | Reached XP level 3. HP: 35/36 MP: 2/2
   640 | D:1      | Reached skill level 4 in Unarmed Combat
   951 | D:2      | Reached XP level 4. HP: 43/44 MP: 3/3
   957 | D:2      | Found a shadowy altar of Dithmenos.
  1321 | D:3      | Noticed Ijyb
  1334 | D:3      | Killed Ijyb
  1382 | D:3      | Reached XP level 5. HP: 50/50 MP: 4/4
  1409 | D:3      | Noticed Quirk's ghost (amateur TrFi)
  1424 | D:3      | Slain by Quirk's ghost

Skill      XL: |  1  2  3 |
---------------+----------+-----
Unarmed Combat | 3 4 |  4.4
Fighting       | |  2.5
Dodging        | |  2.7
Shields        | |  2.9

Action                   |  1- 3 |  4- 6 || total
-------------------------+-------+-------++-------
Melee: Unarmed           |    86 |    81 ||   167
  Use: Potion            |       |     1 ||     1
  Eat: Chunk             |    14 |     5 ||    19
Armor: Robe              |    28 |    35 ||    63
Dodge: Dodged            |    19 |    31 ||    50
Block: Shield            |    30 |    43 ||    73
